 Dungeon Crawl Stone Soup version 0.28-a0-465-ge2dae52223 (webtiles) character file.

Game seed: 5051130918923945010

1850 omnomnOMINOUS the Ducker (level 9, -7/62 HPs)
             Began as an Octopode Wanderer on Sept 15, 2021.
             Was a Priest of Cheibriados.
             Mangled by a wight (12 damage)
             ... on level 6 of the Dungeon.
             The game lasted 00:14:34 (4827 turns).

omnomnOMINOUS the Ducker (Octopode Wanderer)        Turns: 4827, Time: 00:14:34

Health: -7/62      AC:  1    Str: 22    XL:     9   Next: 12%
Magic:  3/12       EV: 16    Int: 25    God:    Cheibriados [***...]
Gold:   31         SH:  0    Dex: 17    Spells: 11/12 levels left

rFire   . . .      SeeInvis .   a - +2 mace
rCold   . . .      Faith    .   (no shield)
rNeg    . . .      Spirit   .   (helmet restricted)
rPois   .          Reflect  .   (no amulet)
rElec   .          Harm     .   k - ring of wizardry
rCorr   .          Rampage  .   (no ring)
Will    .....                   (no ring)
Stlth   +++.......              (no ring)
HPRegen 0.20/turn               (no ring)
MPRegen 0.13/turn               (no ring)
                                (no ring)
                                (no ring)

@: very slow
A: almost no armour, amphibious, 8 rings, camouflage 1, gelatinous body 1,
(nimble swimmer 1), tentacles
a: Renounce Religion, Bend Time, Temporal Distortion


You were on level 6 of the Dungeon.
You worshipped Cheibriados.
Cheibriados was most pleased with you.
You visited 1 branch of the dungeon, and saw 6 of its levels.
You visited the Abyss 1 time.
You also visited: Sewer.

You collected 197 gold pieces.
You spent 166 gold pieces at shops.

Inventory:

Hand Weapons
 a - a +2 mace (weapon)
 b - a +2 short sword of draining
 c - a +0 trident
Jewellery
 k - a ring of wizardry (left tentacle)
Wands
 g - a wand of polymorph (7)
 m - a wand of flame (11)
Scrolls
 i - a scroll of teleportation
 l - 2 scrolls of summoning
 n - 2 scrolls of brand weapon
 r - a scroll of noise {unknown}
Potions
 d - 3 potions of curing
 e - a potion of flight
 h - a potion of attraction
 j - a potion of berserk rage {unknown}
 o - a potion of invisibility {unknown}
 p - a potion of haste {unknown}
 q - a potion of ambrosia {unknown}


   Skills:
 + Level 5.7 Fighting
 - Level 5.0 Maces & Flails
 - Level 1.0 Crossbows
 - Level 1.0 Throwing
 + Level 5.9 Dodging
 - Level 4.0 Shields
 - Level 2.0 Spellcasting
 * Level 5.1 Conjurations
 - Level 4.0 Invocations


You had 11 spell levels left.
You knew the following spells:

 Your Spells              Type           Power      Damage    Failure   Level
a - Magic Dart            Conj           100%       1d8       1%          1

Your spell library contained the following spells:

 Spells                   Type           Power      Damage    Failure   Level
 Fireball                 Conj/Fire      7%         3d5       38%         5
 Lightning Bolt           Conj/Air       7%         1d20      38%         5
 Lehudib's Crystal Spear  Conj/Erth      7%         10d3      100%        8


Dungeon Overview and Level Annotations

Branches:
Dungeon (7/15)              Sewer (visited)
 Temple: D:4-7

Altars:
Cheibriados
Zin

Shops:
D:2 !([!

Annotations:
D:4 Sigmund


Innate Abilities, Weirdness & Mutations

You cannot wear most types of armour.
You are amphibious.
You can wear up to eight rings at the same time.
Your skin changes colour to match your surroundings (Stealth+).
Your rubbery body absorbs attacks. (AC +1, EV +1)
((You are camouflaged near water. (Stealth+)))
You have tentacles for arms and can constrict up to eight enemies at once.


Message History

You feel much better.
A thrashing horror comes into view.
The boulder beetle waves its antennae.
The boulder beetle bites you!
Okay, then.
Unknown command.
Okay, then.
Unknown command.
Unknown command.
Unknown command.
You can feel time thicken for a moment.
You destroy the thrashing horror!
Cheibriados thoroughly appreciates the change of pace.
You can no longer inflict damage on those overly hasty.
Cheibriados lowers the support of your attributes as your movement quickens.
The boulder beetle misses you.
Your Fighting skill increases to level 5!
Your Conjurations skill gained 2 levels and is now at level 5!
You have reached level 9!
Your experience leads to an increase in your attributes!
Your base attributes are Str 14, Int 16, Dex 9.
Increase (S)trength, (I)ntelligence, or (D)exterity?
You feel clever.
Okay, then.
Unknown command.
The flow of time bends around you.
Cheibriados rebukes the boulder beetle.
The boulder beetle seems to slow down.
The substance of the Abyss twists violently, and a gateway leading out appears!
The boulder beetle misses you.
Press: ? - help, v - describe, . - travel A gateway leading out of the Abyss.
There is a cloud of translocational energy here.
Unknown command.
The boulder beetle bites you!!
* * * LOW HITPOINT WARNING * * *
You pass through the gate.
Welcome back to the Dungeon!
The wight barely misses you.
The wight hits you with a +2 great sword of distortion!
You die...

....#.###
.........
#........
#........
#........
#........
#....z...
#....z...
#@..#####
#Bz.#
#...#
#...#
#...#
#...#
#####


You could see a boulder beetle (slow) and 3 wights.

Vanquished Creatures
  A thrashing horror (Abyss:1)
  An orb spider (Abyss:1)
  Prince Ribbit (D:6)
  A water moccasin (D:3)
  Purgy (Sewer)
  A centaur (D:7)
  A bullfrog (D:7)
  A howler monkey (D:4)
  A bullfrog zombie (D:4)
  A hound (D:4)
  2 iguanas
  Ijyb (D:4)
  Terence (D:2)
  A river rat (D:3)
  An adder (D:3)
  A white imp (D:7)
  2 adder skeletons (D:4)
  2 dart slugs
  4 orcs
  7 ball pythons
  6 bats
  5 endoplasms
  4 giant cockroaches
  4 goblins
  11 hobgoblins
  6 jackals
  8 kobolds
  3 quokkas
  3 frilled lizards
  10 rats
92 creatures vanquished.

Vanquished Creatures (others)
  A lurking horror (Abyss:1)
1 creature vanquished.

Grand Total: 93 creatures vanquished

Notes
Turn   | Place    | Note
-------+----------+-------------------------------------------
     0 | D:1      | omnomnOMINOUS the Octopode Wanderer began the quest for the
                  | Orb.
     0 | D:1      | omnomnOMINOUS set off with the following items: a +2 mace,
                  | a potion of lignification, a potion of curing
     0 | D:1      | Reached XP level 1. HP: 14/14 MP: 1/1
    80 | D:1      | Found a faded altar of an unknown god.
    99 | D:1      | Became a worshipper of Cheibriados the Contemplative
    99 | D:1      | Reached * piety under Cheibriados
   102 | D:1      | Reached skill level 1 in Dodging
   116 | D:1      | Reached XP level 2. HP: 19/19 MP: 2/2
   274 | D:1      | You fall into a shaft and drop 1 floor!
   642 | D:1      | Reached XP level 3. HP: 24/24 MP: 3/3
   998 | D:2      | Found a glowing silver altar of Zin.
  1007 | D:2      | Got Vehumet's Guide on Battle Magic
  1010 | D:2      | Learned a level 1 spell: Magic Dart
  1012 | D:2      | Found Moumus's Distillery.
  1015 | D:2      | Bought a potion of curing for 36 gold pieces
  1030 | D:2      | Reached ** piety under Cheibriados
  1086 | D:2      | Found Ikiluag's Distillery.
  1102 | D:2      | Noticed Terence
  1107 | D:2      | Killed Terence
  1108 | D:2      | Reached skill level 1 in Invocations
  1108 | D:2      | Reached XP level 4. HP: 18/29 MP: 3/5
  1244 | D:2      | Found Fiymp's Armour Boutique.
  1276 | D:2      | Found Beacumoame's Magic Scroll Boutique.
  1367 | D:2      | Found Wuepraazo's Weapon Shoppe.
  1913 | D:3      | Reached skill level 1 in Spellcasting
  2049 | D:3      | Found a glowing drain.
  2056 | Sewer    | Entered a sewer
  2155 | Sewer    | Noticed Purgy
  2197 | Sewer    | Killed Purgy
  2198 | Sewer    | Reached XP level 5. HP: 36/36 MP: 5/7
  2368 | D:2      | Bought a potion of heal wounds for 65 gold pieces
  2492 | D:3      | Reached *** piety under Cheibriados
  2978 | D:3      | Noticed a water moccasin
  2984 | D:3      | Killed a water moccasin
  2985 | D:3      | Reached XP level 6. HP: 16/42 MP: 7/9
  3658 | D:4      | Noticed Ijyb
  3673 | D:4      | Killed Ijyb
  3678 | D:4      | Reached XP level 7. HP: 19/46 MP: 7/10
  4111 | D:2      | Bought a potion of heal wounds for 65 gold pieces
  4265 | D:4      | Noticed Sigmund
  4307 | D:4      | Reached **** piety under Cheibriados
  4425 | D:4      | You fall into a shaft and drop 3 floors!
  4682 | D:6      | Noticed Prince Ribbit
  4690 | D:6      | Killed Prince Ribbit
  4691 | D:6      | Reached XP level 8. HP: 32/54 MP: 9/11
  4702 | D:6      | Cast into level 1 of the Abyss (wight)
  4705 | Abyss:1  | Found a corrupted altar of Lugonu.
  4809 | Abyss:1  | Noticed an orb spider
  4814 | Abyss:1  | Killed an orb spider
  4815 | Abyss:1  | Reached skill level 5 in Dodging
  4817 | Abyss:1  | Noticed a boulder beetle
  4823 | Abyss:1  | Noticed a thrashing horror
  4824 | Abyss:1  | Killed a thrashing horror
  4825 | Abyss:1  | Reached skill level 5 in Fighting
  4825 | Abyss:1  | Reached skill level 5 in Conjurations
  4825 | Abyss:1  | Reached XP level 9. HP: 23/62 MP: 6/12
  4827 | D:6      | Escaped the Abyss
  4827 | D:6      | Mangled by a wight

Illustrated notes

Levels and vault maps discovered:
D:1:      lightli_arrival_lavapool, layout_basic,
          ebering_ecumenical_altar_sacrificial
D:2:      layout_loops_ring, serial_shops, nicolae_shop_trees,
          nicolae_square_shop, nicolae_shop_crystal, shop, shop, basic_altar,
          uniq_terence
D:3:      layout_loops_corners, gup_sewer_entry_bubbles
D:4:      layout_rooms, uniq_sigmund, uniq_blork_the_orc, uniq_ijyb
D:6:      wad_guarded_room, layout_basic, uniq_maggie, uniq_prince_ribbit1,
          uniq_edmund, uniq_eustachio
D:7:      layout_cave_pools, tso_oasis_becter,
          mainiacjoe_overflow_small_starburst, st_stairs_8, uniq_duvessa

Skill      XL: |  1  2  3  4  5  6  7  8 |
---------------+-------------------------+-----
Dodging        | 1 2 3 4 5 |  5.9
Invocations    | 1 2 3 4 |  4.0
Spellcasting   | 1 2 |  2.0
Shields        | 2 3 4 |  4.0
Fighting       | 3 4 5 |  5.7
Conjurations   | 5 |  5.1
Maces & Flails | |  5.0
Crossbows      | |  1.0
Throwing       | |  1.0

Action                   |  1- 3 |  4- 6 |  7- 9 || total
-------------------------+-------+-------+-------++-------
Melee: Mace              |    37 |   100 |    34 ||   171
       Tentacles         |     8 |    15 |    12 ||    35
       Constrict         |     9 |    22 |     9 ||    40
 Cast: Magic Dart        |       |    16 |    15 ||    31
Invok: Bend Time         |       |       |     2 ||     2
       Slouch            |       |       |     1 ||     1
Evoke: Wand              |       |       |     1 ||     1
  Use: Potion            |       |     1 |     2 ||     3
       Scroll            |       |     5 |     2 ||     7
 Stab: Sleeping          |    13 |    14 |     2 ||    29
Armor: Skin              |     5 |    30 |     2 ||    37
Dodge: Dodged            |    12 |    55 |    33 ||   100

Table legend: (Time is in decaauts)
 A = Elapsed time spent in this place.
 B = Non-inter-level travel time spent in this place.
 C = Inter-level travel time spent in this place.
 D = Time resting spent in this place.
 E = Time spent auto-exploring this place.
 F = Levels seen in this place.
 G = Mean time per level.
                   A        B        C        D        E       F      G
               +--------+--------+--------+--------+--------+-----+--------+
         Total |   6381 |   5688 |    693 |   1055 |   3551 |   8 |  797.6 |
       Dungeon |   5991 |   5298 |    693 |    875 |   3453 |   6 |  998.5 |
         Abyss |    138 |    138 |      0 |     96 |      0 |   1 |  138.0 |
         Sewer |    252 |    252 |      0 |     84 |     97 |   1 |  252.0 |
               +--------+--------+--------+--------+--------+-----+--------+

Top non-repeatable levels by time:
     D:3: 2235 daAuts
     D:1: 1244 daAuts
     D:2: 1191 daAuts
     D:4: 1023 daAuts
     D:7: 274 daAuts
   Sewer: 252 daAuts
 Abyss:1: 138 daAuts
     D:6: 21 daAuts
